 Dungeon Crawl Stone Soup version 0.30-a0-358-g0d69a1922f (webtiles) character file.

Game seed: 15982438369554760548

44 mopl the Sneak (level 3, 0/26 HPs)
             Began as an Octopode Delver on Nov 9, 2022.
             Succumbed to a water moccasin's poison
             ... on level 5 of the Dungeon.
             The game lasted 00:00:27 (109 turns).

mopl the Sneak (Octopode Delver)                     Turns: 109, Time: 00:00:28

Health: 0/26       AC:  1    Str: 11    XL:     3   Next: 62%
Magic:  4/4        EV: 13    Int: 14    God:
Gold:   17         SH:  0    Dex: 13    Spells: 4/4 levels left

rFire   . . .      SeeInvis .    a - +0 short sword
rCold   . . .      Faith    .    (no shield)
rNeg    . . .      Spirit   .    (helmet restricted)
rPois   .          Reflect  .    (no amulet)
rElec   .          Harm     .    (no ring)
rCorr   .          Rampage  .    (no ring)
Will    .....                    (no ring)
Stlth   ++++......               (no ring)
HPRegen 0.24/turn                (no ring)
MPRegen 0.09/turn                (no ring)
                                 (no ring)
                                 (no ring)

@: lethally poisoned (0 -> -5)
A: almost no armour, amphibious, 8 rings, camouflage 1, gelatinous body 1,
(nimble swimmer 1), tentacles
a: no special abilities


You were on level 5 of the Dungeon.
You visited 1 branch of the dungeon, and saw 1 of its levels.

You collected 17 gold pieces.

Inventory:

Hand Weapons
 a - a +0 short sword (weapon)
Wands
 f - a wand of digging (3)
Scrolls
 b - a scroll of fog
 c - a scroll of magic mapping
 d - a scroll of fear
 h - a scroll of teleportation {unknown}
Potions
 e - a potion of haste
 g - a potion of lignification {unknown}


   Skills:
 + Level 3.3 Fighting
 - Level 2.0 Short Blades
 + Level 2.4 Dodging
 + Level 6.9 Stealth
 + Level 1.0 Spellcasting
 + Level 1.3 Evocations


You had 4 spell levels left.
You didn't know any spells.
Your spell library was empty.

Dungeon Overview and Level Annotations

Branches:
Dungeon (5/15)
 Temple: D:4-7

Altars:


Innate Abilities, Weirdness & Mutations

You cannot wear most types of armour.
You are amphibious.
You can wear up to eight rings at the same time.
Your skin changes colour to match your surroundings (Stealth+).
Your rubbery body absorbs attacks. (AC +1, EV +1)
((You are camouflaged when in or above water. (Stealth+)))
You have tentacles for arms and can constrict up to eight enemies at once.


Message History

You constrict the adder. The adder misses you.
You hit the adder.
You kill the adder!
Your Spellcasting skill increases to level 1!
You hit the water moccasin. You grab the water moccasin.
The water moccasin is lightly wounded.
You constrict the water moccasin, but do no damage.
The water moccasin closely misses you.
You hit the water moccasin but do no damage.
The water moccasin is lightly wounded.
You constrict the water moccasin. The water moccasin bites you!
The water moccasin bites you.
You are poisoned.
The water moccasin poisons you!
You hit the water moccasin but do no damage.
The water moccasin is lightly wounded.
You constrict the water moccasin.
You feel very sick. The water moccasin closely misses you.
You are too injured to fight recklessly!
You hit the water moccasin.
The water moccasin is moderately wounded.
You constrict the water moccasin.
You feel sick. The water moccasin bites you!
* * * LOW HITPOINT WARNING * * *
You hit the water moccasin.
The water moccasin is moderately wounded.
You constrict the water moccasin.
* * * LOW HITPOINT WARNING * * *
You feel sick. The water moccasin barely misses you.
You hit the water moccasin.
The water moccasin is heavily wounded.
You constrict the water moccasin.
* * * LOW HITPOINT WARNING * * *
You feel sick.
The water moccasin completely misses you.
The water moccasin closely misses you.
You barely miss the water moccasin.
The water moccasin is heavily wounded.
You constrict the water moccasin.
You die...

# # ### # #.### #
#...##### # ######
##.#.....# # #.....
###..#####.# #
.#.....###...######.#####
......hS@.........#....##
.......##########.####...
##..... #### #..... #
#..... #..... #.....
##.#.# .


You could see a water moccasin and a hound.

Vanquished Creatures
  An iguana (D:5)
  2 adders (D:5)
  An orc (D:5)
4 creatures vanquished.

Notes
Turn   | Place    | Note
-------+----------+-------------------------------------------
     0 | D:5      | mopl the Octopode Delver began the quest for the Orb.
     0 | D:5      | Reached XP level 1. HP: 16/16 MP: 1/1
    18 | D:5      | Noticed a centaur
    25 | D:5      | Noticed an iguana
    31 | D:5      | Killed an iguana
    32 | D:5      | Reached skill level 1 in Evocations
    32 | D:5      | Reached XP level 2. HP: 21/21 MP: 1/3
    32 | D:5      | Reached XP level 3. HP: 26/26 MP: 1/4
    94 | D:5      | Noticed a water moccasin
   103 | D:5      | Reached skill level 1 in Spellcasting
   108 | D:5      | HP: 1/26 [poisoned by a water moccasin]
   109 | D:5      | Succumbed to a water moccasin's poison

Illustrated notes

Levels and vault maps discovered:
D:5:      minmay_angry_zag, layout_rooms, minmay_temple_entry_overgrown

Skill      XL: |  1  2  3 |
---------------+----------+-----
Evocations     | 1 |  1.3
Spellcasting   | 1 |  1.0
Fighting       | |  3.3
Short Blades   | |  2.0
Dodging        | |  2.4
Stealth        | |  6.9

Action                   || total
-------------------------++-------
Melee: Short sword       ||    17
       Tentacles         ||     1
       Constrict         ||     2
 Stab: Sleeping          ||     3
Dodge: Dodged            ||    13

Table legend: (Time is in decaauts)
 A = Elapsed time spent in this place.
 B = Non-inter-level travel time spent in this place.
 C = Inter-level travel time spent in this place.
 D = Time resting spent in this place.
 E = Time spent auto-exploring this place.
 F = Levels seen in this place.
 G = Mean time per level.
                   A        B        C        D        E       F      G
               +--------+--------+--------+--------+--------+-----+--------+
         Total |    107 |    107 |      0 |     33 |     25 |   1 |  107.0 |
       Dungeon |    107 |    107 |      0 |     33 |     25 |   1 |  107.0 |
               +--------+--------+--------+--------+--------+-----+--------+

Top non-repeatable levels by time:
     D:5: 107 daAuts
